Map: Blackburn LE

Players

GunGFuBanDa - Winner!

  • Race: Protoss Protoss

SortOf

  • Race: Zerg Zerg

Event: DreamHack SC2 Masters 2021 Winter

VOD

Have the link to the VOD?

Description

Time

  • Played on: Oct. 9, 2021, 11:53 a.m.
  • Length: 19:58

All games in this series

Show
View Real Time Build Order
Export as new Build Order

GunGFuBanDa Protoss - Winner!

Build Orders: 1 Gate Expand, Phoenix Opening, Archon Immortal, Carriers, Mass Phoenix 

Get SALT Encoding   

  12  0:00  Probe  
  13  0:12  Probe  
  14  0:18  Pylon  
  14  0:24  Probe (Chrono Boost)  
  15  0:36  Probe (Chrono Boost)  
  15  0:39  Gateway  
  16  0:44  Probe (Chrono Boost)  
  16  0:48  Assimilator  
  17  0:50  Probe  
  18  1:03  Probe  
  19  1:15  Probe  
  20  1:28  Nexus  
  20  1:33  Cybernetics Core  
  20  1:37  Probe (Chrono Boost)  
  21  1:43  Assimilator  
  21  1:49  Probe (Chrono Boost)  
  21  1:52  Pylon  
  22  1:55  Probe (Chrono Boost)  
  23  2:08  Adept (Chrono Boost)  
  23  2:10  Probe  
  26  2:16  Warp Gate  
  26  2:22  Probe  
  27  2:30  Stalker  
  27  2:36  Probe (Chrono Boost)  
  30  2:41  Probe (Chrono Boost)  
  31  2:51  Probe x2 (Chrono Boost)  
  33  2:56  Probe (Chrono Boost)  
  33  2:58  Probe  
  35  3:04  Stargate  
  35  3:07  Stargate  
  35  3:08  Probe (Chrono Boost)  
  37  3:14  Probe (Chrono Boost)  
  37  3:18  Gateway  
  38  3:20  Adept, Probe (Chrono Boost)  
  38  3:26  Probe x2 (Chrono Boost)  
  42  3:27  Assimilator  
  42  3:34  Probe x2, Pylon  
  44  3:45  Pylon  
  44  3:46  Probe x2  
  46  3:52  Phoenix x2 (Chrono Boost)  
  50  3:58  Probe x2  
  52  4:03  Pylon  
  52  4:10  Probe  
  52  4:15  Phoenix x2 (Chrono Boost)  
  55  4:19  Pylon  
  55  4:21  Adept  
  55  4:23  Adept  
  61  4:26  Pylon  
  61  4:32  Phoenix  
  61  4:34  Probe  
  61  4:35  Assimilator  
  64  4:44  Phoenix (Chrono Boost)  
  66  4:52  Nexus  
  68  5:00  Probe x2  
  68  5:04  Phoenix (Chrono Boost)  
  70  5:10  Zealot x2  
  74  5:14  Pylon  
  74  5:19  Probe  
  74  5:20  Oracle, Pylon  
  76  5:29  Shield Battery  
  76  5:30  Phoenix  
  78  5:38  Adept x2  
  78  5:40  Probe  
  78  5:41  Probe  
  84  5:46  Pylon  
  84  5:47  Shield Battery  
  84  5:51  Protoss Air Weapons Level 1 (Chrono Boost)  
  84  5:53  Probe x2  
  86  6:06  Probe (Chrono Boost)  
  86  6:07  Probe (Chrono Boost)  
  86  6:08  Sentry x2  
  93  6:12  Probe (Chrono Boost)  
  93  6:16  Probe (Chrono Boost)  
  95  6:19  Probe (Chrono Boost)  
  95  6:25  Probe  
  94  6:28  Probe  
  94  6:30  Robotics Facility, Probe  
  94  6:31  Stalker x2  
  97  6:32  Robotics Facility  
  97  6:37  Probe  
  97  6:38  Forge  
  98  6:41  Probe  
  98  6:42  Probe, Pylon  
  100  6:47  Assimilator x2  
  100  6:49  Probe  
  100  6:50  Pylon  
  100  6:53  Probe  
  102  6:55  Probe  
  102  7:01  Probe  
  104  7:03  Twilight Council  
  104  7:05  Protoss Ground Weapons Level 1 (Chrono Boost)  
  104  7:09  Pylon  
  104  7:16  Probe, Shield Battery  
  104  7:18  Photon Cannon  
  104  7:20  Immortal (Chrono Boost), Pylon  
  104  7:21  Gateway x2  
  109  7:23  Observer (Chrono Boost), Gateway  
  110  7:40  Immortal (Chrono Boost)  
  112  7:45  Charge  
  112  7:49  Templar Archives  
  112  7:52  Immortal (Chrono Boost), Zealot x2  
  120  8:07  Pylon  
  120  8:08  Nexus  
  120  8:11  Immortal (Chrono Boost)  
  124  8:17  Gateway  
  124  8:19  Gateway  
  124  8:21  Gateway  
  128  8:28  Pylon  
  128  8:29  Immortal (Chrono Boost), Shield Battery  
  128  8:30  Photon Cannon  
  128  8:35  High Templar x3  
  128  8:36  High Templar  
  128  8:39  Warp Prism (Chrono Boost)  
  128  8:40  Archon x2  
  132  8:59  Probe  
  132  9:02  Photon Cannon  
  133  9:04  Pylon  
  135  9:10  Fleet Beacon  
  135  9:13  Protoss Ground Weapons Level 2 (Chrono Boost)  
  135  9:18  Psionic Storm  
  135  9:23  Probe (Chrono Boost)  
  138  9:29  Probe (Chrono Boost)  
  138  9:30  Probe (Chrono Boost)  
  130  9:37  Probe (Chrono Boost)  
  131  9:38  Probe  
  131  9:41  Assimilator  
  131  9:42  Assimilator  
  131  9:44  Probe x2  
  134  9:47  Zealot x5  
  134  9:48  Zealot x3  
  134  9:50  Photon Cannon  
  158  10:02  Carrier (Chrono Boost)  
  158  10:03  Carrier (Chrono Boost)  
  145  10:13  High Templar x3  
  133  10:18  Protoss Air Weapons Level 2 (Chrono Boost)  
  133  10:21  High Templar  
  131  10:25  Photon Cannon x2  
  131  10:27  Zealot x4  
  131  10:29  Pylon  
  131  10:30  Pylon  
  131  10:51  Gateway  
  131  10:52  Carrier x2 (Chrono Boost), High Templar  
  131  10:55  Photon Cannon  
  145  10:57  Photon Cannon  
  145  11:01  Probe x2  
  147  11:05  Observer  
  148  11:14  Nexus  
  148  11:15  Pylon, High Templar x2  
  148  11:17  Probe  
  148  11:18  Probe  
  152  11:20  Zealot x4  
  152  11:23  Photon Cannon  
  152  11:25  Archon  
  158  11:27  Shield Battery  
  156  11:37  Stargate  
  156  11:44  Zealot x3, Shield Battery  
  156  11:45  High Templar x2  
  156  11:46  Photon Cannon  
  166  11:47  Carrier (Chrono Boost)  
  166  11:49  Archon  
  166  11:53  Probe  
  173  11:54  Pylon  
  165  12:12  Carrier  
  162  12:15  Stalker  
  162  12:16  Zealot x3  
  162  12:17  Zealot x2  
  162  12:22  Probe  
  175  12:28  Void Ray  
  173  12:32  Nexus  
  173  12:35  Pylon  
  177  12:44  High Templar x2  
  177  12:45  Void Ray, Probe x2  
  177  12:50  Protoss Shields Level 1 (Chrono Boost)  
  187  12:53  Flux Vanes  
  181  13:00  Blink  
  181  13:04  Protoss Air Weapons Level 3 (Chrono Boost), Shield Battery  
  181  13:05  Zealot x6  
  189  13:09  Void Ray x2  
  189  13:12  Void Ray  
  183  13:22  Photon Cannon  
  183  13:25  Pylon  
  191  13:28  Warp Prism  
  175  14:27  Zealot x6  
  175  14:28  Zealot x2, Void Ray x3  
  173  14:44  Immortal  
  173  14:45  Immortal  
  161  14:48  Assimilator  
  161  14:50  High Templar x6  
  161  14:51  High Templar x2  
  161  14:52  Assimilator  
  177  14:54  Probe  
  177  14:55  Archon  
  176  15:10  Photon Cannon  
  176  15:12  Photon Cannon  
  176  15:13  Photon Cannon  
  176  15:15  Shield Battery  
  176  15:26  Void Ray x2  
  176  15:28  Zealot x8  
  184  15:29  Nexus  
  184  15:31  Pylon, Protoss Air Armor Level 1 (Chrono Boost)  
  200  15:39  Protoss Ground Weapons Level 3  
  194  15:58  Archon  
  194  16:02  Probe  
  195  16:08  Forge  
  163  16:25  Void Ray x2  
  163  16:26  Void Ray  
  163  16:29  Archon  
  153  16:39  Zealot x2  
  139  16:40  Zealot x6  
  131  17:02  Carrier (Chrono Boost), High Templar x4  
  131  17:03  Carrier (Chrono Boost)  
  131  17:04  Carrier (Chrono Boost), High Templar x2  
  131  17:05  High Templar x2  
  131  17:08  Photon Cannon  
  147  17:09  Photon Cannon  
  147  17:10  Photon Cannon x2, Archon x2  
  147  17:11  Photon Cannon x2  
  147  17:13  Pylon, Shield Battery  
  165  17:25  Protoss Air Armor Level 2 (Chrono Boost)  
  165  17:26  Assimilator  
  165  17:28  Photon Cannon, Assimilator  
  165  17:37  Zealot x3, High Templar  
  165  17:38  Zealot x4  
  181  17:50  Photon Cannon  
  181  17:51  Photon Cannon  
  181  18:00  Warp Prism  
  181  18:05  High Templar x2  
  183  18:06  High Templar x2  
  191  18:14  Archon  
  191  18:15  Archon  
  191  18:16  Gateway  
  191  18:19  Zealot x4, Gateway  
  189  18:53  Stargate x2  
  181  19:07  Zealot x2  
  181  19:08  Zealot x6  
Show
View Real Time Build Order
Export as new Build Order

SortOf Zerg 

Build Orders: Hatch First, Brood Lord Corruptor 

Get SALT Encoding   

  12  0:00  Drone  
  13  0:12  Overlord  
  13  0:16  Drone  
  14  0:30  Drone x2  
  16  0:48  Hatchery  
  15  0:52  Drone  
  15  0:56  Drone  
  17  0:58  Drone  
  18  1:11  Extractor  
  17  1:14  Spawning Pool  
  17  1:17  Drone  
  17  1:21  Drone  
  18  1:28  Drone  
  19  1:39  Drone  
  20  1:49  Drone  
  21  2:00  Queen  
  21  2:01  Queen  
  23  2:02  Overlord  
  23  2:04  Zergling x2  
  26  2:10  Zergling x2  
  26  2:11  Drone  
  26  2:14  Metabolic Boost  
  28  2:22  Drone x2  
  30  2:32  Drone x2  
  30  2:36  Queen  
  34  2:46  Hatchery  
  34  2:50  Overlord  
  33  2:53  Drone  
  33  2:54  Drone  
  35  2:59  Drone  
  36  3:07  Queen  
  36  3:10  Overlord  
  38  3:13  Drone  
  38  3:18  Queen  
  38  3:19  Spore Crawler  
  40  3:20  Drone  
  40  3:23  Drone  
  40  3:25  Drone  
  40  3:26  Drone  
  44  3:31  Drone x2  
  44  3:32  Drone  
  47  3:40  Drone  
  48  3:43  Zergling x2  
  48  3:46  Queen  
  51  3:49  Drone  
  51  3:54  Zergling x2, Roach Warren  
  52  3:56  Overlord  
  52  3:59  Drone x2  
  52  4:02  Drone  
  54  4:07  Overlord  
  54  4:08  Zergling x4  
  56  4:15  Overlord  
  56  4:18  Zergling x10  
  56  4:23  Overlord  
  61  4:25  Spore Crawler  
  61  4:27  Spore Crawler  
  61  4:29  Zergling x4  
  61  4:34  Drone x3  
  64  4:43  Zergling x8  
  64  4:45  Lair  
  68  4:53  Drone x5  
  68  4:56  Drone x2  
  74  5:13  Drone x2  
  74  5:14  Drone x7  
  77  5:23  Drone x6  
  77  5:26  Queen x2  
  87  5:28  Overlord  
  87  5:33  Spore Crawler  
  86  5:38  Extractor  
  86  5:40  Extractor  
  86  5:41  Evolution Chamber  
  81  5:47  Infestation Pit  
  81  5:49  Drone x7  
  87  5:53  Spore Crawler  
  87  5:54  Hatchery  
  87  5:56  Overlord  
  85  5:58  Spore Crawler  
  85  5:59  Overlord  
  85  6:02  Overlord  
  84  6:07  Extractor  
  84  6:08  Extractor  
  84  6:09  Zerg Ground Armor Level 1  
  82  6:13  Overlord  
  82  6:17  Queen  
  86  6:19  Spore Crawler  
  86  6:22  Queen  
  85  6:25  Drone  
  85  6:26  Drone x6  
  85  6:29  Extractor  
  91  6:33  Drone x3  
  91  6:36  Drone x3  
  95  6:43  Baneling Nest  
  95  6:44  Drone x4  
  95  6:45  Overlord  
  96  6:56  Overlord  
  96  6:57  Roach  
  96  7:00  Overlord  
  98  7:04  Roach x4  
  98  7:05  Overlord  
  106  7:10  Roach x3  
  106  7:14  Hive  
  112  7:18  Roach x5  
  112  7:19  Roach x3  
  112  7:22  Spore Crawler, Overlord  
  127  7:28  Centrifugal Hooks  
  125  7:30  Drone x4  
  125  7:36  Drone x2  
  129  7:37  Spire  
  129  7:38  Drone  
  129  7:40  Drone x2  
  129  7:42  Drone x2  
  131  7:46  Drone  
  131  7:47  Drone x3  
  135  7:53  Drone x5  
  140  8:08  Extractor  
  140  8:09  Zergling x10, Extractor  
  140  8:12  Overlord  
  143  8:14  Zerg Melee Weapons Level 1  
  143  8:15  Ravager x2, Hatchery, Overlord x2  
  143  8:17  Baneling x6  
  144  8:25  Overseer  
  144  8:26  Spore Crawler  
  143  8:33  Spore Crawler  
  142  8:35  Zergling x22  
  142  8:37  Ravager x3  
  142  8:40  Adrenal Glands  
  154  8:42  Evolution Chamber  
  154  8:47  Drone x2  
  144  8:51  Greater Spire  
  144  8:55  Drone x2  
  142  8:59  Overlord  
  142  9:01  Drone x8  
  148  9:11  Roach x6  
  148  9:13  Ravager x4  
  164  9:20  Baneling x8  
  164  9:22  Zergling x8  
  167  9:33  Zerg Ground Armor Level 2  
  167  9:34  Overlord  
  167  9:38  Zergling x12  
  173  9:50  Baneling x17  
  173  9:51  Baneling x2  
  169  9:54  Zergling x14  
  169  9:57  Drone x3  
  178  10:00  Drone  
  167  10:14  Drone x8  
  167  10:19  Drone  
  175  10:23  Drone x2  
  177  10:31  Overlord  
  177  10:34  Overlord  
  177  10:38  Corruptor x6  
  189  10:43  Overlord  
  189  10:47  Extractor x2  
  189  10:48  Spine Crawler  
  189  10:49  Spine Crawler  
  185  10:51  Spore Crawler  
  185  10:54  Zerg Flyer Weapons Level 1, Overlord  
  184  10:57  Baneling x7  
  184  11:01  Zergling x20  
  194  11:10  Zerg Melee Weapons Level 2  
  194  11:15  Overlord  
  194  11:18  Glial Reconstitution  
  193  12:07  Viper x2  
  194  12:12  Zergling x14  
  195  12:20  Zergling x12  
  184  12:31  Brood Lord x6  
  189  12:38  Spore Crawler  
  189  12:39  Spore Crawler  
  189  12:40  Zerg Ground Armor Level 3  
  189  12:42  Corruptor x6  
  199  12:49  Zerg Flyer Armor Level 1  
  199  12:55  Hatchery  
  195  13:02  Corruptor x2  
  198  13:09  Spire  
  197  13:13  Pneumatized Carapace, Overlord  
  197  13:16  Overlord  
  195  13:27  Pathogen Glands  
  195  13:29  Zerg Melee Weapons Level 3  
  195  13:32  Overlord x2  
  195  13:39  Drone x4  
  195  13:40  Drone  
  200  13:48  Brood Lord x4  
  198  13:50  Corruptor  
  198  13:51  Hatchery  
  194  14:03  Corruptor x4  
  194  14:09  Zergling x16  
  192  14:24  Neural Parasite  
  180  14:28  Corruptor x8  
  180  14:30  Corruptor x3  
  182  14:34  Corruptor x5  
  182  14:36  Queen x4  
  174  14:40  Zergling x36  
  174  14:42  Queen  
  189  14:46  Corruptor  
  189  14:47  Corruptor  
  186  14:55  Brood Lord x2  
  190  15:02  Overlord  
  190  15:03  Zerg Flyer Armor Level 2  
  188  15:08  Hatchery  
  187  15:17  Brood Lord x2  
  187  15:18  Spore Crawler  
  187  15:19  Drone x3  
  193  15:24  Zergling x8  
  193  15:25  Zergling x6  
  199  15:32  Queen x2  
  196  15:38  Zerg Flyer Weapons Level 2  
  196  15:41  Infestor x2  
  200  15:48  Spore Crawler  
  200  15:49  Spore Crawler  
  198  15:56  Corruptor x4  
  194  16:13  Spore Crawler  
  194  16:14  Spore Crawler x2  
  194  16:15  Spore Crawler  
  194  16:16  Corruptor x5  
  199  16:21  Corruptor  
  199  16:23  Corruptor  
  186  16:31  Drone  
  186  16:32  Corruptor x2  
  152  16:35  Queen  
  152  16:38  Corruptor  
  142  16:42  Corruptor  
  135  16:53  Corruptor x2  
  130  16:58  Viper  
  128  17:02  Extractor  
  128  17:05  Corruptor  
  122  17:21  Spore Crawler x2  
  120  17:23  Brood Lord x3, Spine Crawler  
  120  17:28  Corruptor  
  132  17:30  Zergling x10  
  132  17:37  Drone x6  
  132  17:41  Infestor  
  132  17:42  Infestor  
  142  18:01  Brood Lord x3  
  147  18:05  Drone x6  
  147  18:06  Drone x3  
  147  18:09  Extractor  
  147  18:10  Extractor  
  155  18:12  Zergling x2  
  155  18:13  Zergling x8  
  155  18:18  Infestor x2  
  155  18:19  Overseer  
  163  18:26  Viper  
  163  18:30  Corruptor x2  
  170  18:37  Zergling x20  
  173  18:42  Corruptor  
  173  18:47  Zergling x8  
  179  18:53  Corruptor x2  
  178  19:07  Corruptor x4  
  182  19:10  Zergling x8  

Tags
 
Add a new tag
Caveats
  • Supply blocks, unpowered buildings, or Contaminate may cause inaccurate times.
  • Supply counts are checked every 10 seconds.